 Dungeon Crawl Stone Soup version 0.22-a0-567-gff9aefc (webtiles) character file.

418 iamserjio the Shield-Bearer (level 6, 0/39 HPs)
             Began as a Gargoyle Fighter on June 29, 2018.
             Slain by Dowan
             ... wielding a +4 dagger of distortion
              (1 damage)
             ... on level 4 of the Dungeon.
             The game lasted 00:06:26 (753 turns).

iamserjio the Shield-Bearer (Gargoyle Fighter)       Turns: 753, Time: 00:06:26

Health: 0/39       AC: 16    Str: 22    XL:     6   Next: 93%
Magic:  6/6        EV:  4    Int:  8    God:
Gold:   99         SH: 10    Dex:  9    Spells: 5/5 levels left

rFire    . . .     SeeInvis .   a - +0 war axe
rCold    . . .     Gourm    .   c - +0 shield
rNeg     + . .     Faith    .   i - +0 plate armour
rPois    ∞         Spirit   .   (no helmet)
rElec    +         Reflect  .   (no cloak)
rCorr    .         Harm     .   (no gloves)
MR       .....                  (no boots)
Stlth    ..........             (no amulet)
HPRegen  0.13/turn              (no ring)
MPRegen  0.10/turn              (no ring)

@: about to teleport, flying
A: negative energy resistance 1, electricity resistance, unbreathing,
petrification resistance, rot immunity, AC +4
a: no special abilities


You were on level 4 of the Dungeon.
You were not hungry.

You visited 1 branch of the dungeon, and saw 5 of its levels.

You collected 99 gold pieces.

Inventory:

Hand Weapons
 a - a +0 war axe (weapon)
Armour
 b - a +0 scale mail
 c - a +0 shield (worn)
 i - a +0 plate armour (worn)
Scrolls
 d - 2 scrolls of fog {unknown}
 g - a scroll of teleportation
 j - a scroll of fear
Potions
 h - a potion of haste
Comestibles
 f - 4 rations


   Skills:
 + Level 4.4 Fighting
 * Level 4.0 Axes
 + Level 4.5 Armour
 * Level 5.4 Shields


You had 5 spell levels left.
You didn't know any spells.
Your spell library was empty.

Dungeon Overview and Level Annotations

Branches:
Dungeon (5/15)
 Temple: D:4-7

Altars:
Xom

Annotations:
D:4 Dowan


Innate Abilities, Weirdness & Mutations

You are resistant to torment.
Your stone body is resilient. (AC +4)
You are immune to poison.
You resist negative energy. (rN+)
You are resistant to electric shocks. (rElec)
You can survive without breathing.
You are immune to petrification.
You are immune to rotting.


Message History

Dowan blinks!
You barely miss Dowan.
Dowan is moderately wounded.
Dowan hits you with a dagger of distortion.
Space warps horribly around you! You block Dowan's attack.
You barely miss Dowan.
Dowan is moderately wounded.
Dowan says, "How can I live without her?"
Dowan hits you but does no damage.
You feel strangely unstable. Dowan completely misses you.
The phantom barely misses you.
You closely miss Dowan.
Dowan is moderately wounded.
You hit the phantom. Dowan hits you but does no damage.
Space warps horribly around you!
Ouch! That really hurt!
* * * LOW HITPOINT WARNING * * *
Dowan hits you with a dagger of distortion.
You die...

#.........# #.........#
#...W...[.# #.........#
#############.#...# ##
##...#...#####.###..... .##
##.........##...# ##..#. .#.
#...........#..W# #...# ##..
#...........#..@## #(.###..
#...........#..e.# #......##
#.........##....#### #......#
##...#.............####.#..<.##
#######...#...............)...
###.........###.........
#..........###†##.....
#..............##.....
#.............((......


You could see a phantom and Dowan.

Vanquished Creatures
  Duvessa (D:4)
  An ogre (D:4)
  A hound (D:4)
  A bullfrog skeleton (D:4)
  2 orc priests (D:4)
  3 gnolls (D:2)
  An adder (D:2)
  An ooze (D:3)
  18 orcs
  2 giant cockroaches (D:2)
  3 goblins (D:2)
  5 hobgoblins
  7 jackals (D:4)
  2 kobolds
  A quokka (D:3)
  3 bats
  3 frilled lizards
  A quokka skeleton (D:4)
  2 rats
58 creatures vanquished.

Notes
Turn   | Place    | Note
-------+----------+-------------------------------------------
     0 | D:1      | iamserjio the Gargoyle Fighter began the quest for the Orb.
     0 | D:1      | Reached XP level 1. HP: 14/14 MP: 1/1
    93 | D:2      | Reached XP level 2. HP: 16/19 MP: 2/2
   143 | D:3      | Reached XP level 3. HP: 21/23 MP: 3/3
   385 | D:3      | Reached skill level 4 in Shields
   395 | D:2      | Found a shimmering altar of Xom.
   428 | D:2      | Reached XP level 4. HP: 22/29 MP: 4/4
   543 | D:4      | Noticed an ogre
   551 | D:4      | Killed an ogre
   551 | D:4      | Reached XP level 5. HP: 30/33 MP: 5/5
   568 | D:4      | Noticed Duvessa
   573 | D:4      | Noticed Dowan
   577 | D:4      | Killed Duvessa
   577 | D:4      | Reached skill level 5 in Shields
   577 | D:4      | Reached XP level 6. HP: 21/38 MP: 6/6
   633 | D:4      | Noticed a phantom
   669 | D:5      | Entered Level 5 of the Dungeon
   753 | D:4      | HP: 1/39 [Dowan/dagger of distortion (22)]
   753 | D:4      | Slain by Dowan

Vault maps used:
D:1:      dpeg_arrival_stonehenge_8_columns, minmay_tromino_v7
D:2:      first_ration, xom_teletrap_fun
D:3:      grunt_ministairs_3, saegor_snake_ambush
D:4:      uniq_duvessa, uniq_eustachio
D:5:      kennysheep_slugbush, overflow_temple_1_default, lemuel_angel_altar,
          uniq_blork_the_orc

Skill      XL: |  1  2  3  4  5  6 |
---------------+-------------------+-----
Axes           | 2 3 4 |  4.0
Shields        | 4 5 |  5.4
Fighting       | 4 |  4.4
Armour         | 4 |  4.5

Action                   |  1- 3 |  4- 6 || total
-------------------------+-------+-------++-------
Melee: War axe           |   104 |    76 ||   180
  Use: Potion            |       |     4 ||     4
       Scroll            |       |     3 ||     3
Armor: Scale mail        |    40 |       ||    40
       Plate armour      |    48 |    52 ||   100
Dodge: Dodged            |    35 |    22 ||    57
Block: Shield            |    60 |    59 ||   119

Table legend:
 A = Spawn XP
 B = Non-spawn XP
 C = Spawn XP percentage of total XP
 D = Spawn monster count
 E = Non-spawn monster count
 F = Spawn count percentage of total count
 G = Total turns spent on level
                    A         B        C        D         E        F      G
               +---------+---------+-------+---------+---------+-------+---------
         Total |       0 |     598 |   0.0 |       0 |      58 |   0.0 |   753
               +---------+---------+-------+---------+---------+-------+---------
           D:1 |       0 |       4 |   0.0 |       0 |       2 |   0.0 |   124
           D:2 |       0 |      71 |   0.0 |       0 |      14 |   0.0 |   180
           D:3 |       0 |      48 |   0.0 |       0 |      18 |   0.0 |   239
           D:4 |       0 |     475 |   0.0 |       0 |      24 |   0.0 |   208
               +---------+---------+-------+---------+---------+-------+---------
